 Dungeon Crawl Stone Soup version 0.29-a0-340-g6efceafd81 (webtiles) character file.

Game seed: 15100102078800429855

14 HendSelp the Insei (level 2, -1/24 HPs)
             Began as a Human Monk on Apr 19, 2022.
             Slain by a worm (9 damage)
             ... on level 2 of the Dungeon.
             The game lasted 00:00:41 (632 turns).

HendSelp the Insei (Human Monk)                      Turns: 632, Time: 00:00:41

Health: -1/24      AC:  3    Str: 11    XL:     2   Next: 60%
Magic:  2/2        EV: 13    Int: 10    God:
Gold:   32         SH:  0    Dex: 15    Spells: 1/1 levels left

rFire   . . .      SeeInvis .     - Unarmed
rCold   . . .      Faith    .   (no shield)
rNeg    . . .      Spirit   .   a - +0 robe
rPois   .          Reflect  .   h - +0 helmet
rElec   .          Harm     .   (no cloak)
rCorr   .          Rampage  .   (no gloves)
Will    .....                   (no boots)
Stlth   ++........              (no amulet)
HPRegen 0.08/turn               (no ring)
MPRegen 0.08/turn               (no ring)

@: no status effects
A: no striking features
a: no special abilities


You were on level 2 of the Dungeon.
You visited 1 branch of the dungeon, and saw 2 of its levels.

You collected 32 gold pieces.

Inventory:

Armour
 a - a +0 robe (worn)
 h - a +0 helmet (worn)
Wands
 d - a wand of iceblast (5)
Scrolls
 c - a scroll of fear
Potions
 b - a potion of ambrosia
 e - 2 potions of brilliance
 f - a potion of haste {unknown}
 g - a potion of mutation {unknown}
 k - a potion of flight {unknown}
 l - a potion of curing {unknown}


   Skills:
 * Level 3.2 Fighting
 * Level 0.5 Armour
 * Level 3.2 Dodging
 - Level 2.0 Stealth
 * Level 3.2 Unarmed Combat


You had one spell level left.
You didn't know any spells.
Your spell library was empty.

Dungeon Overview and Level Annotations

Branches:
Dungeon (2/15)

Altars:


Message History

The helpless ball python fails to defend itself.
You punch the ball python!
You kill the ball python!
d - a wand of iceblast (5) No target in view!
A worm comes into view.
A worm is nearby!
Found 10 gold pieces.
A worm is nearby!
You hit the worm.
The worm is lightly wounded.
The worm barely misses you.
A worm is nearby!
You hit the worm.
The worm is moderately wounded.
The worm bites you.
A worm is nearby!
You completely miss the worm.
The worm is moderately wounded.
A worm is nearby!
Unknown command.
You hit the worm.
The worm is moderately wounded.
The worm bites you!
A worm is nearby!
You are too injured to fight recklessly!
A worm is nearby!
You are too injured to fight recklessly!
A worm is nearby!
You are too injured to fight recklessly!
A worm is nearby!
You are too injured to fight recklessly!
Unknown command.
You hit the worm but do no damage. You punch the worm, but do no damage.
The worm is moderately wounded.
Unknown command.
You hit the worm.
The worm is heavily wounded.
The worm bites you!
You die...

#..........#
#..........##$
#..........##.
#..........##.#
#..........# ..
##†.......<###.##
#............#..#
#..........#.##.###.#..
#..........#...@w......
#..........#####....#..
#..>.).....# ##.....
##....[...## .#..
##......## ... ######.#
#.


You could see a worm.

Vanquished Creatures
  An endoplasm (D:1)
  3 goblins (D:1)
  2 hobgoblins (D:1)
  2 ball pythons
  2 frilled lizards (D:1)
  2 kobolds (D:1)
  2 rats (D:1)
14 creatures vanquished.

Notes
Turn   | Place    | Note
-------+----------+-------------------------------------------
     0 | D:1      | HendSelp the Human Monk began the quest for the Orb.
     0 | D:1      | Reached XP level 1. HP: 18/18 MP: 1/1
   116 | D:1      | Reached XP level 2. HP: 24/24 MP: 2/2
   632 | D:2      | Slain by a worm

Illustrated notes

Levels and vault maps discovered:
D:1:      heliophobic_arrival_henge, layout_rooms
D:2:      layout_rooms, hellmonk_ecumenical_altar_blasted, uniq_natasha,
          uniq_sigmund

Action                   || total
-------------------------++-------
Melee: Unarmed           ||    42
       Punch             ||     1
  Use: Scroll            ||     4
 Stab: Sleeping          ||     2
Armor: Robe              ||     2
Dodge: Dodged            ||    17

Table legend: (Time is in decaauts)
 A = Elapsed time spent in this place.
 B = Non-inter-level travel time spent in this place.
 C = Inter-level travel time spent in this place.
 D = Time resting spent in this place.
 E = Time spent auto-exploring this place.
 F = Levels seen in this place.
 G = Mean time per level.
                   A        B        C        D        E       F      G
               +--------+--------+--------+--------+--------+-----+--------+
         Total |    629 |    600 |     29 |      0 |    451 |   2 |  314.5 |
       Dungeon |    629 |    600 |     29 |      0 |    451 |   2 |  314.5 |
               +--------+--------+--------+--------+--------+-----+--------+

Top non-repeatable levels by time:
     D:1: 601 daAuts
     D:2: 28 daAuts
